 Dungeon Crawl Stone Soup version 0.24.0-125-gc4c63601f3 (webtiles) character file.

Game seed: 6319773085913577916, levelgen mode: deterministic

32 lepoulpe303 the Sneak (level 3, -10/16 HPs)
             Began as a Spriggan Enchanter on Mar 15, 2020.
             Mangled by a kobold
             ... wielding a +2 whip of electrocution
              (16 damage)
             ... on level 1 of the Dungeon.
             The game lasted 00:03:49 (1225 turns).

lepoulpe303 the Sneak (Spriggan Enchanter)          Turns: 1225, Time: 00:03:50

Health: -10/16     AC:  2    Str:  4    XL:     3   Next: 8%
Magic:  8/8        EV: 18    Int: 17    God:
Gold:   29         SH:  0    Dex: 16    Spells: 1/7 levels left

rFire    . . .     SeeInvis +   a - +1 dagger
rCold    . . .     Gourm    .   (shield restricted)
rNeg     . . .     Faith    .   b - +0 robe
rPois    .         Spirit   .   (helmet restricted)
rElec    .         Reflect  .   (no cloak)
rCorr    .         Harm     .   (gloves unavailable)
MR       .....                  (boots unavailable)
Stlth    +++.......             (no amulet)
HPRegen  0.05/turn              (no ring)
MPRegen  0.11/turn              (no ring)

@: very quick
A: very small, unfitting armour, see invisible, herbivore, speed 3, slow
metabolism 2
a: no special abilities


You were on level 1 of the Dungeon.
You were not hungry.

You visited 1 branch of the dungeon, and saw 1 of its levels.

You collected 29 gold pieces.

Inventory:

Hand Weapons
 a - a +1 dagger (weapon)
Armour
 b - a +0 robe (worn)
Scrolls
 d - a scroll of noise {unknown}
 f - a scroll of teleportation {unknown}
Potions
 c - a potion of curing {unknown}
Comestibles
 e - 2 rations


   Skills:
 + Level 2.5 Short Blades
 - Level 3.0 Dodging
 + Level 5.5 Stealth
 - Level 2.6 Spellcasting
 - Level 3.6 Hexes


You had one spell level left.
You knew the following spells:

 Your Spells              Type           Power        Failure   Level  Hunger
a - Ensorcelled Hibernat  Hex/Ice        #.....       13%         2    ##.....
c - Confuse               Hex            ##......     12%         3    ###....
v - Corona                Hex            ##.....      4%          1    #......

Your spell library contained the following spells:

 Spells                   Type           Power        Failure   Level  Hunger
 Tukima's Dance           Hex            ##......     12%         3    ###....
 Dazzling Spray           Conj/Hex       #.....       26%         3    ###....


Dungeon Overview and Level Annotations

Branches:
Dungeon (1/15)

Altars:


Innate Abilities, Weirdness & Mutations

You are very small and have problems with some larger weapons.
You are too small for most types of armour.
You have supernaturally acute eyesight. (SInv)
You are a herbivore.
You cover ground extremely quickly.
You need to consume almost no food.


Message History

You hit the kobold.
You kill the kobold!
Things that are here:
22 stones; a kobold corpse You start resting.
The kobold is too close now for your liking.
You regained 5 hp, and now have 9/16 hp.
You completely miss the kobold.
The kobold shouts!
The kobold closely misses you.
You hit the kobold but do no damage. The kobold misses you.
You hit the kobold but do no damage. The kobold barely misses you.
You hit the kobold. You hit the kobold but do no damage.
The kobold closely misses you.
You hit the kobold but do no damage.
The kobold hits you with a +2 whip of electrocution.
* * * LOW HITPOINT WARNING * * *
You are electrocuted!
Ouch! That really hurt!
You die...

..K #.#.##.#####.. ####.##
###.#.##....>... #..w(K#
..#............. .##.##.##
#.###.#)#....... ......(# #.#
#.#.####.#.. #.#.##(# #.#
#.#.####.#.. #.##.### #.#
#.#.##...... #†.(...#
#####(###.#.##.#.#.. ####.#.#
#.K@......#.##.#....
#.####.#.#####.##...####.##.#....
#...........##.#.........##.#.##.
#####.##.##.##(##...#######......
#.##.##(##.###.########..#.†.
#.##....)K.# ####†......###.#
#†#####.#### ##.###..## ##.
#.#####.# #.## ##..###.#
#.......# #.# #.#.#.##


You could see a kobold.

Levels and vault maps discovered:
D:1:      lemuel_arrival_behind_the_door_large, layout_loops_cross

Notes
Turn   | Place    | Note
-------+----------+-------------------------------------------
     0 | D:1      | lepoulpe303 the Spriggan Enchanter began the quest for the
                  | Orb.
     0 | D:1      | Reached XP level 1. HP: 9/9 MP: 5/5
    12 | D:1      | Identified a +0 dagger
   405 | D:1      | Reached XP level 2. HP: 13/13 MP: 6/6
   409 | D:1      | Learned a level 2 spell: Ensorcelled Hibernation
   435 | D:1      | Identified a +0 club
   445 | D:1      | Reached skill level 5 in Stealth
   623 | D:1      | Reached skill level 2 in Short Blades
   783 | D:1      | Identified a +0 dagger
   798 | D:1      | Identified a +0 club
   845 | D:1      | Identified a +0 club
   864 | D:1      | Identified a +0 club
   906 | D:1      | Identified a +0 club
  1011 | D:1      | Identified a +0 club
  1020 | D:1      | Reached XP level 3. HP: 13/16 MP: 8/8
  1025 | D:1      | Learned a level 3 spell: Confuse
  1046 | D:1      | Identified a +2 whip of electrocution
  1119 | D:1      | HP: 4/16 [kobold (3)]
  1225 | D:1      | Mangled by a kobold

Table legend:
 A = Turns spent in this place as a percentage of turns spent in the entire game.
 B = Non-inter-level travel turns spent in this place as a percentage of non-inter-level travel turns spent in the entire game.
 C = Inter-level travel turns spent in this place as a percentage of turns spent in this place.
 D = Turns resting spent in this place as a percentage of non-inter-level travel turns spent in this place.
 E = Turns spent auto-exploring this place as a percentage of non-inter-level travel turns spent in this place.
 F = Non-inter-level travel turns spent in this place divided by the number of levels of this place that you've seen.
                   A       B       C       D       E      F
               +-------+-------+-------+-------+-------+----------------------
         Total | 100.0 | 100.0 |   0.0 |  52.1 |  22.9 | 1225.0
       Dungeon | 100.0 | 100.0 |   0.0 |  52.1 |  22.9 | 1225.0
               +-------+-------+-------+-------+-------+----------------------

Table legend:
 A = Kills in this place as a percentage of kills in entire the game.
 B = Kills by you in this place as a percentage of kills by you in the entire game.
 C = Kills by friends in this place as a percentage of kills by friends in the entire game.
 D = Other kills in this place as a percentage of other kills in the entire game.
 E = Experience gained in this place as a percentage of experience gained in the entire game.
 F = Experience gained in this place divided by the number of levels of this place that you have seen.
                   A       B       C       D       E      F
               +-------+-------+-------+-------+-------+----------------------
         Total | 100.0 | 100.0 |   N/A |   N/A | 100.0 |  46.0
       Dungeon | 100.0 | 100.0 |   N/A |   N/A | 100.0 |  46.0
               +-------+-------+-------+-------+-------+----------------------

Skill      XL: |  1  2 |
---------------+-------+-----
Stealth        | 5 |  5.5
Short Blades   | 2 |  2.5
Dodging        | |  3.0
Spellcasting   | |  2.6
Hexes          | |  3.6

Action                   || total
-------------------------++-------
Melee: Dagger            ||   121
 Cast: Ensorcelled Hiber ||     1
 Stab: Sleeping          ||     7
       Distracted        ||     1
Armor: Robe              ||    16
Dodge: Dodged            ||   105

Vanquished Creatures
  A dart slug (D:1)
  2 giant cockroaches (D:1)
  2 goblins (D:1)
  5 hobgoblins (D:1)
  2 jackals (D:1)
  4 kobolds (D:1)
  5 bats (D:1)
  3 frilled lizards (D:1)
  4 rats (D:1)
28 creatures vanquished.
